 Dungeon Crawl Stone Soup version 0.31.0-32-g396128a36d (webtiles) character file.

Game seed: 9352189151153128048

133860 monsoonserge the Frost Mage (level 17, -18/158 HPs)
             Began as a Gnoll Shapeshifter on Mar 9, 2024.
             Was the Champion of Wu Jian.
             Demolished by an ugly thing simulacrum (29 damage)
             ... animated by a necromancer
             ... on level 15 of the Dungeon.
             The game lasted 01:55:28 (24028 turns).

monsoonserge the Frost Mage (Gnoll Shapeshifter)   Turns: 24028, Time: 01:55:29

Health: -18/158    AC: 10    Str: 32    XL:     17   Next: 15%
Magic:  19/32      EV: 14    Int: 17    God:    Wu Jian [******]
Gold:   3572       SH:  0    Dex: 11    Spells: 24/38 levels left

rFire   . . .        S - melded +9 hand axe of Green Purpose {flame, rF++}
rCold   . . .        (shield currently unavailable)
rNeg    . . .        N - melded +2 leather armour of the Cuttlefish {rN+ Dex+5 Stlth-}
rPois   +            h - melded +1 helmet {SInv}
rElec   .            R - melded +0 cloak
rCorr   .            E - melded +0 pair of gloves
SInv    .            (boots currently unavailable)
Will    +....        T - amulet of regeneration
Stlth   +++++        l - +6 ring of strength
HPRegen 1.26/turn    p - +6 ring of intelligence
MPRegen 0.23/turn

%: no passive effects
@: snake-form, slowed, studying 2 skills, very slow
A: constrict, boosted hp, large, (fangs 1), strong nose, distributed training
a: Begin Untransformation, Renounce Religion, Wall Jump, Serpent's Lash,
Heavenly Storm


You were on level 15 of the Dungeon.
You worshipped Wu Jian.
Wu Jian was exalted by your worship.
You were an enormous serpent.
You visited 4 branches of the dungeon, and saw 23 of its levels.
You also visited: Sewer and Ice Cave.

You collected 4593 gold pieces.
You spent 1021 gold pieces at shops.

Inventory:

Hand Weapons
 S - the +9 hand axe of Green Purpose (melded) {flame, rF++}
   (You found it on level 8 of the Dungeon)

   rF++:      It greatly protects you from fire.
Missiles
 q - 4 silver javelins
 B - 4 throwing nets
 K - 8 atropa-tipped darts
 L - 5 curare-tipped darts
 M - 3 javelins
 O - 19 boomerangs
Armour
 h - a +1 helmet of see invisible (melded)
 E - a +0 pair of gloves (melded)
 F - a +2 scale mail of poison resistance
 N - the +2 leather armour of the Cuttlefish (melded) {rN+ Dex+5 Stlth-}
   (You found it on level 7 of the Dungeon)

   Dex+5:     It affects your dexterity (+5).
   rN+:       It protects you from negative energy.
   Stlth-:    It makes you less stealthy.
 Q - a +2 scale mail of cold resistance
 R - a +0 cloak (melded)
Jewellery
 l - a +6 ring of strength (left hand)
 p - a +6 ring of intelligence (right hand)
 T - an amulet of regeneration (around neck)
 V - an amulet of reflection
 Y - a ring of poison resistance
 Z - a ring of resist corrosion
Talismans
 k - a blade talisman
 U - a serpent talisman (active)
Wands
 a - a wand of mindburst (14)
 d - a wand of polymorph (2)
 v - a wand of quicksilver (10)
 w - a wand of flame (56) (quivered)
 y - a wand of roots (25)
 X - a wand of charming (22)
Scrolls
 c - a scroll of torment
 e - 12 scrolls of teleportation
 f - 6 scrolls of enchant armour
 n - 2 scrolls of immolation
 o - 5 scrolls of blinking
 t - 3 scrolls of poison
 x - a scroll of revelation
 A - 6 scrolls of fear
 J - 4 scrolls of butterflies
 P - a scroll of silence
 W - 3 scrolls of fog
Potions
 b - 3 potions of lignification
 g - a potion of haste
 i - 6 potions of curing
 j - 5 potions of attraction
 m - 2 potions of invisibility
 r - 4 potions of enlightenment
 s - 5 potions of ambrosia
 u - 8 potions of berserk rage
 z - 2 potions of heal wounds
 C - 3 potions of cancellation
 D - a potion of resistance
 H - 2 potions of mutation
 I - 4 potions of might
Miscellaneous
 G - a phial of floods


   Skills:
 + Level 11.6 Fighting
 + Level 11.3 Short Blades
 + Level 11.3 Long Blades
 + Level 11.3 Axes
 + Level 11.3 Maces & Flails
 + Level 11.3 Polearms
 + Level 11.3 Staves
 + Level 11.3 Ranged Weapons
 + Level 11.3 Throwing
 + Level 11.3 Armour
 + Level 12.2 Dodging
 + Level 11.3 Stealth
 + Level 11.3 Shields
 + Level 13.0 Unarmed Combat
 + Level 11.3 Spellcasting
 + Level 9.5 Conjurations
 + Level 9.5 Hexes
 + Level 9.5 Summonings
 + Level 10.0 Necromancy
 + Level 9.5 Translocations
 + Level 9.5 Fire Magic
 + Level 13.1 Ice Magic
 + Level 9.5 Air Magic
 + Level 9.5 Earth Magic
 + Level 9.5 Alchemy
 + Level 12.3 Invocations
 + Level 11.3 Evocations
 + Level 12.2 Shapeshifting


You had 24 spell levels left.
You knew the following spells:

 Your Spells              Type           Power      Damage    Failure   Level
a - Freezing Cloud        Conj/Ice/Air   23%        6-21      2%          5
b - Summon Forest         Summ/Tloc      21%        N/A       4%          5
c - Vhi's Electric Charg  Tloc/Air       84%        N/A       1%          4

Your spell library contained the following spells:

 Spells                   Type           Power      Damage    Failure   Level
 Apportation              Tloc           84%        N/A       1%          1
 Magic Dart               Conj           100%       1d8       1%          1
 Necrotise                Necr           100%       1d9       1%          1
 Slow                     Hex            100%       N/A       1%          1
 Sting                    Conj/Alch      100%       1d9       1%          1
 Summon Small Mammal      Summ           100%       N/A       1%          1
 Cigotuvi's Dreadful Rot  Necr/Alch/Air  84%        N/A       1%          2
 Searing Ray              Conj           84%        2d7       1%          2
 Confusing Touch          Hex            42%        N/A       1%          3
 Sigil of Binding         Hex            42%        N/A       1%          3
 Vampiric Draining        Necr           43%        2d9       1%          3
 Fulminant Prism          Conj/Alch      21%        3d12      1%          4
 Ignite Poison            Fire/Alch      42%        N/A       1%          4
 Arcjolt                  Conj/Air       21%        1d31      4%          5
 Conjure Ball Lightning   Conj/Air       21%        3x3d6     22%         6
 Eringya's Noxious Bog    Alch           21%        4d6       22%         6
 Plasma Beam              Fire/Air       21%        2x1d33    22%         6
 Summon Hydra             Summ           21%        N/A       77%         7
 Discord                  Hex            21%        N/A       100%        8
 Disjunction              Tloc           21%        N/A       100%        8


Dungeon Overview and Level Annotations

Branches:
Dungeon (15/15)            Temple (1/1) D:4            Lair (5/5) D:10
  Swamp (0/4) Lair:3       Spider (0/4) Lair:2        Slime (0/5) Lair:5
    Orc (2/2) D:11            Elf (0/3) Orc:2        Vaults (0/5) D:13
  Sewer (visited)           IceCv (visited)
 Depths: D:15

Altars:
Ashenzari
Cheibriados
Dithmenos
Elyvilon
Fedhas
Gozag
Hepliaklqana
Kikubaaqudgha
Makhleb
Nemelex Xobeh
Okawaru
Qazlal
Ru
Sif Muna
Trog
Uskayaw
Vehumet
Wu Jian
Xom
Yredelemnul
Zin
The Shining One

Shops:
D:1 *   D:3 [   D:9 [   Orc:1 *   Orc:2 !?*

Portals:
Trove: D:10 (give 8 potions of haste)

Annotations:
D:8 exclusion: orange crystal statue
Lair:3 1 runed translucent door, jimmypageman's ghost, journeyman MiFi


Innate Abilities, Weirdness & Mutations

You are an enormous serpent.
You have a powerful constriction melee attack.
Your maximum health is increased.
Your armour is entirely melded.
You are incapable of wielding weapons or throwing items.
((You have very sharp teeth.))
Your uncanny sense of smell can sniff out nearby items.
Your experience applies equally to all skills.


Message History

You kill the green ugly thing!
The Council accepts your kill.
A freezing mist starts to gather...
An ugly thing simulacrum comes into view.
You hit the ugly thing simulacrum but do no damage.
Your grab misses the ugly thing simulacrum.
You hit the ugly thing simulacrum but do no damage.
You grab the ugly thing simulacrum.
You constrict the ugly thing simulacrum.
The ugly thing simulacrum hits you but does no damage.
The ugly thing simulacrum completely misses you.
Okay, then.
You lash the ugly thing simulacrum!
The ugly thing simulacrum is heavily damaged.
You constrict the ugly thing simulacrum.
The ugly thing simulacrum hits you.
* * * LOW HITPOINT WARNING * * *
The ugly thing simulacrum freezes you!
You feel yourself slow down.
* * * LOW HITPOINT WARNING * * *
Blink to where?
Press: ? - help, Dir - move target
Okay, then.
Okay, then.
Unknown command.
Blink to where?
Press: ? - help, Dir - move target
Okay, then.
Okay, then.
Okay, then.
Aiming: Charm
Press: ? - help, Shift-Dir - straight line, f - ugly thing simulacrum
Aim: an ugly thing simulacrum (chance to affect: 76%)
The ugly thing simulacrum barely resists.
You constrict the ugly thing simulacrum!
The ugly thing simulacrum hits you but does no damage.
The ugly thing simulacrum hits you.
* * * LOW HITPOINT WARNING * * *
The ugly thing simulacrum freezes you!!
You feel as though you will be slow longer.
You die...

. . ######## #.
#......#
.#'###♣##♣#.####.#
.........##.#<.#.#
....)....##.#..#.#
....C....##.##.#Z#
.........♣#....#S#
#.......u#######Z#
#......).# #.#
#........#######.#
#...........Z....#
#.♣......#########
#.......♣#
####♣#♣♣##


You could see 2 ugly thing simulacra.

Vanquished Creatures
  Jorgrun (Orc:2)
  Kirke (D:12)
  Nessos (Orc:2)
  4 vault guards (D:13)
  5 hydras
  2 centaur warriors
  5 boulder beetles
  3 two-headed ogres
  A tengu warrior (D:14)
  An occultist (D:15)
  Sonja (D:13)
  3 skysharks
  An arcanist (D:13)
  3 orc knights (Orc:2)
  7 orc sorcerers
  2 necromancers
  A deep elf pyromancer (D:14)
  10 ugly things
  16 elephants
  6 cyclopes
  Maurice (D:7)
  4 black mambas
  An ice statue (IceCv)
  3 orange demons (D:10)
  3 gargoyles
  2 rime drakes
  16 cane toads
  A torpor snail (Lair:4)
  An unseen horror zombie (D:8)
  A yaktaur (D:13)
  Jeremiah (D:7)
  9 komodo dragons
  3 freezing wraiths (IceCv)
  3 red devils (D:10)
  10 ice devils (IceCv)
  4 hornets
  9 trolls
  16 polar bears
  A queen bee (Lair:2)
  6 dream sheep
  22 blink frogs
  4 culicivoras (Lair:2)
  2 slime creatures (D:15)
  5 wyverns
  12 spriggans (Lair:5)
  A water elemental (D:12)
  2 dire elephant simulacra (IceCv)
  11 basilisks
  3 wraiths
  11 wargs
  55 yaks
  14 humans (D:13)
  3 steam dragons
  6 hogs
  2 death yak simulacra
  2 acid dragons
  A hydra simulacrum (IceCv)
  17 water moccasins
  Pargi (Sewer)
  A hornet zombie (D:8)
  5 ogres
  16 orc warriors
  2 black bears
  9 boggarts
  8 centaurs
  35 wolves
  3 phantoms
  2 kobold brigands (D:6)
  2 brain worms (Sewer)
  12 bullfrogs
  2 gnoll sergeants
  3 wyvern zombies (D:8)
  7 cane toad simulacra
  3 two-headed ogre simulacra
  8 scorpions
  10 wights
  4 elephant simulacra (IceCv)
  35 killer bees
  5 electric eels
  3 howler monkeys (D:10)
  2 bombardier beetles
  Crazy Yiuf (D:7)
  A centaur zombie (D:8)
  A gnoll bouda (D:6)
  8 hounds
  9 orc priests
  2 jellies
  4 sleepcaps
  5 iguanas
  25 orc wizards
  4 polar bear simulacra
  5 troll simulacra
  A killer bee zombie (D:8)
  A wolf simulacrum (IceCv)
  A howler monkey zombie (D:8)
  23 gnolls
  A naga simulacrum (IceCv)
  9 adders
  2 shadow imps
  2 white imps (IceCv)
  7 ufetubi
  2 ribbon worms
  4 dart slugs
  80 orcs
  9 ball pythons
  9 bats
  8 endoplasms
  3 giant cockroaches
  7 goblins
  6 hobgoblins
  5 quokkas
  8 frilled lizards
  13 kobolds
  4 rats
  A butterfly (Lair:3)
791 creatures vanquished.

Vanquished Creatures (collateral kills)
  An arcanist (D:13)
  A necromancer (IceCv)
  3 ugly things (D:14)
  A komodo dragon (Lair:5)
  A freezing wraith (IceCv)
  3 ice devils (IceCv)
  A polar bear (Lair:5)
  A hornet (Lair:5)
  A dream sheep (Lair:5)
  A spriggan (Lair:5)
  A basilisk (Lair:5)
  3 humans (D:13)
  A hog (D:12)
  3 wolves (Lair:5)
  A cane toad simulacrum (IceCv)
  An elephant simulacrum (IceCv)
  A polar bear simulacrum (IceCv)
  2 wolf simulacra (IceCv)
27 creatures vanquished.

Vanquished Creatures (others)
  A blink frog (shapeshifter) (D:14)
  2 orc wizards (Orc:2)
  4 snaplasher vines
7 creatures vanquished.

Grand Total: 825 creatures vanquished

Notes
Turn   | Place    | Note
-------+----------+-------------------------------------------
     0 | D:1      | monsoonserge the Gnoll Shapeshifter began the quest for the
                  | Orb.
     0 | D:1      | Reached XP level 1. HP: 17/17 MP: 1/1
   116 | D:1      | Reached XP level 2. HP: 23/23 MP: 2/2
   157 | D:1      | Found a faded altar of an unknown god.
   295 | D:1      | Reached XP level 3. HP: 28/28 MP: 3/3
   421 | D:1      | Reached skill level 1 in Invocations
   567 | D:1      | Found Ikyunn's General Store.
   784 | D:2      | Reached skill level 1 in Short Blades
   784 | D:2      | Reached skill level 1 in Long Blades
   784 | D:2      | Reached skill level 1 in Axes
   784 | D:2      | Reached skill level 1 in Maces & Flails
   784 | D:2      | Reached skill level 1 in Polearms
   784 | D:2      | Reached skill level 1 in Staves
   784 | D:2      | Reached skill level 1 in Ranged Weapons
   784 | D:2      | Reached skill level 1 in Throwing
   784 | D:2      | Reached skill level 1 in Armour
   784 | D:2      | Reached skill level 1 in Stealth
   784 | D:2      | Reached skill level 1 in Shields
   784 | D:2      | Reached skill level 1 in Spellcasting
   784 | D:2      | Reached skill level 1 in Evocations
   825 | D:2      | Found a bloodstained altar of Trog.
  1002 | D:2      | Reached XP level 4. HP: 29/34 MP: 5/5
  1237 | D:2      | Reached skill level 1 in Conjurations
  1237 | D:2      | Reached skill level 1 in Hexes
  1237 | D:2      | Reached skill level 1 in Summonings
  1237 | D:2      | Reached skill level 1 in Necromancy
  1237 | D:2      | Reached skill level 1 in Translocations
  1237 | D:2      | Reached skill level 1 in Fire Magic
  1237 | D:2      | Reached skill level 1 in Ice Magic
  1237 | D:2      | Reached skill level 1 in Air Magic
  1237 | D:2      | Reached skill level 1 in Earth Magic
  1237 | D:2      | Reached skill level 1 in Alchemy
  1441 | D:3      | Reached XP level 5. HP: 40/40 MP: 5/7
  1767 | D:3      | Found Kixe's Armour Emporium.
  2038 | D:3      | Found a broken altar of Ashenzari.
  2594 | D:4      | Found a glowing drain.
  2605 | Sewer    | Entered a sewer
  2651 | Sewer    | Noticed Pargi
  2663 | Sewer    | Killed Pargi
  2664 | Sewer    | Reached skill level 5 in Dodging
  2664 | Sewer    | Reached XP level 6. HP: 46/47 MP: 7/9
  2736 | Sewer    | Reached XP level 7. HP: 45/52 MP: 10/10
  2869 | D:4      | Found a staircase to the Ecumenical Temple.
  2878 | Temple   | Entered the Ecumenical Temple
  2894 | Temple   | Became a worshipper of the Wu Jian Council
  4021 | D:5      | Entered Level 5 of the Dungeon
  4159 | D:5      | Reached * piety under Wu Jian
  4190 | D:5      | Reached XP level 8. HP: 60/60 MP: 12/12
  4635 | D:5      | Found a shimmering blue altar of Sif Muna.
  4826 | D:5      | Reached ** piety under Wu Jian
  4958 | D:5      | Reached XP level 9. HP: 53/66 MP: 14/14
  5218 | D:6      | Reached skill level 5 in Fighting
  5686 | D:5      | Reached skill level 5 in Invocations
  5741 | D:5      | Reached skill level 5 in Ice Magic
  6012 | D:6      | Found a hazy altar of Hepliaklqana.
  6201 | D:6      | Reached *** piety under Wu Jian
  6365 | D:7      | Noticed Jeremiah
  6586 | D:7      | Identified the +2 leather armour of the Cuttlefish {rN+
                  | Dex+5 Stlth-}
  6710 | D:7      | Reached skill level 5 in Short Blades
  6710 | D:7      | Reached skill level 5 in Long Blades
  6710 | D:7      | Reached skill level 5 in Axes
  6710 | D:7      | Reached skill level 5 in Maces & Flails
  6710 | D:7      | Reached skill level 5 in Polearms
  6710 | D:7      | Reached skill level 5 in Staves
  6710 | D:7      | Reached skill level 5 in Ranged Weapons
  6710 | D:7      | Reached skill level 5 in Throwing
  6710 | D:7      | Reached skill level 5 in Armour
  6710 | D:7      | Reached skill level 5 in Stealth
  6710 | D:7      | Reached skill level 5 in Shields
  6710 | D:7      | Reached skill level 5 in Spellcasting
  6710 | D:7      | Reached skill level 5 in Evocations
  6710 | D:7      | Reached XP level 10. HP: 74/76 MP: 17/17
  6868 | D:7      | Killed Jeremiah
  7486 | D:7      | Found a runed translucent door.
  7487 | D:7      | Noticed Crazy Yiuf
  7496 | D:7      | Killed Crazy Yiuf
  7716 | D:7      | Noticed Maurice
  7876 | D:8      | Found an iron altar of Okawaru.
  7880 | D:8      | Identified the +9 hand axe of Green Purpose {flame, rF++}
  7903 | D:8      | Noticed an orange crystal statue
  7929 | D:8      | Found a basalt altar of Yredelemnul.
  8313 | D:8      | Reached **** piety under Wu Jian
  8918 | D:9      | Found Qauver's Armour Emporium.
  8963 | D:9      | Noticed a two-headed ogre
  8966 | D:9      | Killed a two-headed ogre
  8967 | D:9      | Reached skill level 5 in Conjurations
  8967 | D:9      | Reached skill level 5 in Hexes
  8967 | D:9      | Reached skill level 5 in Summonings
  8967 | D:9      | Reached skill level 5 in Necromancy
  8967 | D:9      | Reached skill level 5 in Translocations
  8967 | D:9      | Reached skill level 5 in Fire Magic
  8967 | D:9      | Reached skill level 5 in Air Magic
  8967 | D:9      | Reached skill level 5 in Earth Magic
  8967 | D:9      | Reached skill level 5 in Alchemy
  8967 | D:9      | Reached XP level 11. HP: 83/83 MP: 20/20
  9219 | D:10     | Entered Level 10 of the Dungeon
  9276 | D:10     | Found a portal to a secret trove of treasure.
  9991 | D:10     | Found a staircase to the Lair.
 10188 | D:11     | Found a staircase to the Orcish Mines.
 10531 | D:1      | Bought a scroll of acquirement for 728 gold pieces
 10531 | D:1      | Acquired 896 gold pieces
 10533 | D:1      | Bought a scroll of fog for 56 gold pieces
 11103 | D:11     | Noticed a cyclops
 11112 | D:11     | Killed a cyclops
 11340 | D:11     | Noticed a two-headed ogre
 11489 | Lair:1   | Entered Level 1 of the Lair of Beasts
 11544 | Lair:1   | Reached XP level 12. HP: 91/91 MP: 22/22
 11691 | Lair:1   | Reached ***** piety under Wu Jian
 11711 | Lair:1   | Reached skill level 10 in Unarmed Combat
 12662 | Lair:2   | Reached XP level 13. HP: 95/99 MP: 25/25
 12815 | Lair:2   | Reached skill level 10 in Shapeshifting
 12880 | Lair:2   | Found a hole to the Spider Nest.
 13866 | Lair:3   | Reached skill level 10 in Ice Magic
 13928 | Lair:3   | Found a runed translucent door.
 13928 | Lair:3   | Identified the +6 trident "Coxked" {flame, rN+++}
 13930 | Lair:3   | Noticed jimmypageman's ghost (journeyman MiFi)
 14085 | Lair:3   | Learned a level 5 spell: Freezing Cloud
 14143 | Lair:3   | Found a staircase to the Swamp.
 14848 | Lair:4   | Reached skill level 10 in Dodging
 15466 | Lair:4   | Reached XP level 14. HP: 108/108 MP: 22/27
 15472 | Lair:4   | Reached skill level 10 in Invocations
 15831 | Lair:5   | Entered Level 5 of the Lair of Beasts
 16362 | Lair:5   | Reached ****** piety under Wu Jian
 16505 | Lair:5   | Learned a level 5 spell: Summon Forest
 16515 | Lair:5   | Reached skill level 10 in Fighting
 16824 | Lair:5   | Found a staircase to the Slime Pits.
 17285 | Lair:5   | Reached skill level 10 in Short Blades
 17285 | Lair:5   | Reached skill level 10 in Long Blades
 17285 | Lair:5   | Reached skill level 10 in Axes
 17285 | Lair:5   | Reached skill level 10 in Maces & Flails
 17285 | Lair:5   | Reached skill level 10 in Polearms
 17285 | Lair:5   | Reached skill level 10 in Staves
 17285 | Lair:5   | Reached skill level 10 in Ranged Weapons
 17285 | Lair:5   | Reached skill level 10 in Throwing
 17285 | Lair:5   | Reached skill level 10 in Armour
 17285 | Lair:5   | Reached skill level 10 in Stealth
 17285 | Lair:5   | Reached skill level 10 in Shields
 17285 | Lair:5   | Reached skill level 10 in Spellcasting
 17285 | Lair:5   | Reached skill level 10 in Evocations
 17759 | D:7      | Killed Maurice
 18015 | Orc:1    | Entered Level 1 of the Orcish Mines
 18187 | Orc:1    | You fall into a shaft and drop 1 floor!
 18187 | Orc:2    | Entered Level 2 of the Orcish Mines
 18338 | Orc:2    | Found a staircase to the Elven Halls.
 18384 | Orc:2    | Noticed Nessos
 18391 | Orc:2    | Killed Nessos
 18392 | Orc:2    | Reached XP level 15. HP: 117/117 MP: 29/29
 18682 | Orc:2    | Paralysed by an orc sorcerer for 4 turns
 18750 | Orc:2    | Noticed Jorgrun
 18769 | Orc:2    | Killed Jorgrun
 18861 | Orc:2    | Found Saaqir's Magic Scroll Shop.
 18862 | Orc:2    | Found Cocvyebb's Distillery.
 18933 | Orc:2    | Found Urchysh's General Store.
 19284 | Orc:1    | Found Onnudgh's CLEARANCE SALE!.
 19293 | Orc:1    | Bought a potion of curing for 18 gold pieces
 19293 | Orc:1    | Bought 2 scrolls of identify for 24 gold pieces
 19471 | Orc:2    | Bought 2 scrolls of blinking for 195 gold pieces
 19795 | D:12     | Noticed Kirke
 19888 | D:12     | Found a frozen archway.
 19944 | IceCv    | Entered an ice cave
 20295 | IceCv    | Reached XP level 16. HP: 125/125 MP: 30/30
 20371 | IceCv    | Found an ancient bone altar of Kikubaaqudgha.
 21177 | D:12     | Killed Kirke
 22234 | D:13     | Noticed Sonja
 22238 | D:13     | Killed Sonja
 22285 | D:13     | Acquired 1233 gold pieces
 22723 | D:13     | Found a gate to the Vaults.
 23259 | D:14     | Found a blossoming altar of Fedhas.
 23315 | D:14     | Reached XP level 17. HP: 131/131 MP: 32/32
 23419 | D:14     | Learned a level 4 spell: Vhi's Electric Charge
 23847 | D:15     | Entered Level 15 of the Dungeon
 24004 | D:15     | Reached skill level 10 in Necromancy
 24028 | D:15     | Demolished by an ugly thing simulacrum

Illustrated notes

Levels and vault maps discovered:
D:1:      tarquinn_simple_flora_water_a, layout_rooms, serial_glass,
          glass_columns_c, glass_columns_a, glass_columns_b, glass_columns_c,
          serial_shops, nicolae_shop_statue_plus,
          shapermc_ecumenical_altar_mp_highgroup, st_stairs_9
D:2:      layout_basic, basic_altar, chequers_serial_rivers_micro_d,
          chequers_serial_rivers_room_b, eino_tiny_chamber, grunt_ministairs_14
D:3:      layout_basic, mainiacjoe_overflow_paths, serial_shops, shop
D:4:      layout_layer_cave, minmay_temple_entry_crystal_x,
          mainiacjoe_sewer_entry_somewhere_in_here_1, minmay_manual_monolith
D:5:      layout_cave_pools, led_sif_book, nzn_random_ring
D:6:      layout_rooms, mainiacjoe_overflow_alcove_2
D:7:      layout_cave_pools, serial_library_hellmonk_secret_room,
          hangedman_decor_diamond_cutter, uniq_jeremiah, uniq_maurice,
          uniq_crazy_yiuf_cottage
D:8:      layout_gridville, nicolae_yredelemnul_corpse_copse,
          okawaru_ov_weapons_minmay, disabler_island
D:9:      layout_rooms, serial_shops, kennysheep_mini
D:10:     layout_small_grid, lair_entry_dummy, nicolae_trove_entry_isolated,
          serial_rivers, chequers_serial_rivers_large_b,
          chequers_serial_rivers_small_3, chequers_serial_rivers_large_a,
          chequers_serial_rivers_micro_d, chequers_serial_rivers_micro_a,
          chequers_serial_rivers_micro_c, hangedman_abyss_or_decor_clamps,
          minmay_beelzebubs_servants
D:11:     layout_cave_pods, orc_0_dummy
D:12:     layout_loops_corners, portal_ice_cave_entry_ice_simulacra,
          serial_bayou, serial_bayou_pond_e, serial_bayou_pond_d,
          serial_bayou_pond_c, serial_bayou_pond_e, serial_bayou_lagoon_b,
          uniq_kirke
D:13:     layout_irregular_city, grunt_vaults_entry_tiered,
          dreamdust_princess_corridor, uniq_sonja
D:14:     layout_basic, fedhas_altar_2, minivault_16
D:15:     hangedman_depths_entry_civil_slaughter, layout_basic,
          regret_index_xom_buried_treasure
Temple:   nicolae_temple_bog_church
Lair:1:   beast_lair_carwin_large_2, layout_loops_ring, st_stairs_3,
          serial_bayou_shore_a, grunt_megastairs_4
Lair:2:   layout_cave_shapes, hellmonk_spider_entry_life_and_decay, special_room
          [special_room_bee], grunt_megastairs_5
Lair:3:   layout_concentric_octagons, swamp_mist_pool,
          ebering_ghost_funeral_grove, minmay_holes,
          chequers_serial_rivers_micro_e, lemuel_fruit_fields
Lair:4:   layout_hall_layers, beast_lair_carwin_11
Lair:5:   minmay_lair_end_enchanted_forest, layout_gridlike, slime_entry_1,
          kennysheep_basilisk_garden, grunt_megastairs_1, serial_bayou_shore_b,
          infiniplex_staircase_pool
Orc:1:    layout_caves, nicolae_shop_clearance
Orc:2:    st_orc_town, layout_caves, uniq_nessos, uniq_jorgrun

Skill      XL: |  1  2  3  4  5  6  7  8  9 10 11 12 13 14 15 16 17 |
---------------+----------------------------------------------------+-----
Invocations    | 1 2 3 4 5 6 7 8 9 10 11 12 | 12.3
Short Blades   | 1 2 3 5 6 7 8 9 10 11 | 11.3
Long Blades    | 1 2 3 5 6 7 8 9 10 11 | 11.3
Axes           | 1 2 3 5 6 7 8 9 10 11 | 11.3
Maces & Flails | 1 2 3 5 6 7 8 9 10 11 | 11.3
Polearms       | 1 2 3 5 6 7 8 9 10 11 | 11.3
Staves         | 1 2 3 5 6 7 8 9 10 11 | 11.3
Ranged Weapons | 1 2 3 5 6 7 8 9 10 11 | 11.3
Throwing       | 1 2 3 5 6 7 8 9 10 11 | 11.3
Armour         | 1 2 3 5 6 7 8 9 10 11 | 11.3
Stealth        | 1 2 3 5 6 7 8 9 10 11 | 11.3
Shields        | 1 2 3 5 6 7 8 9 10 11 | 11.3
Spellcasting   | 1 2 3 5 6 7 8 9 10 11 | 11.3
Evocations     | 1 2 3 5 6 7 8 9 10 11 | 11.3
Conjurations   | 1 2 3 4 5 6 7 8 9 |  9.5
Hexes          | 1 2 3 4 5 6 7 8 9 |  9.5
Summonings     | 1 2 3 4 5 6 7 8 9 |  9.5
Necromancy     | 1 2 3 4 5 6 7 8 9 10 | 10.0
Translocations | 1 2 3 4 5 6 7 8 9 |  9.5
Fire Magic     | 1 2 3 4 5 6 7 8 9 |  9.5
Ice Magic      | 1 2 4 5 7 8 9 10 11 12 13 | 13.1
Air Magic      | 1 2 3 4 5 6 7 8 9 |  9.5
Earth Magic    | 1 2 3 4 5 6 7 8 9 |  9.5
Alchemy        | 1 2 3 4 5 6 7 8 9 |  9.5
Fighting       | 3 4 5 6 7 8 9 10 11 | 11.6
Dodging        | 5 6 7 8 9 10 11 12 | 12.2
Unarmed Combat | 7 8 9 10 11 12 13 | 13.0
Shapeshifting  | 7 8 9 10 11 12 | 12.2

Action                     |  1- 3 |  4- 6 |  7- 9 | 10-12 | 13-15 | 16-18 || total
---------------------------+-------+-------+-------+-------+-------+-------++-------
  Melee: Unarmed           |    84 |    93 |   382 |   449 |   916 |   324 ||  2248
         Punch             |     2 |     3 |    19 |    10 |     1 |    11 ||    46
         Bite              |     3 |     7 |    40 |    24 |     1 |     8 ||    83
         Hand axe          |       |       |       |    97 |    12 |       ||   109
         Constrict         |       |       |       |    70 |   167 |    53 ||   290
  Throw: Dart              |       |       |       |     2 |       |       ||     2
   Cast: Freezing Cloud    |       |       |       |       |    15 |     8 ||    23
         Summon Forest     |       |       |       |       |     3 |     7 ||    10
 Invoke: Heavenly Storm    |       |       |       |       |     1 |       ||     1
         Serpent's Lash    |       |       |       |       |     3 |     2 ||     5
Ability: Lunge             |       |       |    22 |    54 |    92 |    34 ||   202
         Whirlwind         |       |       |    88 |   100 |   212 |    99 ||   499
  Evoke: Wand              |       |       |       |     4 |     4 |     1 ||     9
    Use: Scroll            |       |     7 |     2 |     9 |     8 |     6 ||    32
         Potion            |       |       |     1 |       |     4 |       ||     5
   Stab: Distracted        |       |       |     1 |     2 |     4 |     4 ||    11
         Sleeping          |       |       |       |     7 |    13 |     8 ||    28
 Armour: Leather armour    |    26 |       |       |       |       |    16 ||    42
         Skin              |     9 |       |       |   209 |   579 |   139 ||   936
         Plate armour      |     4 |    74 |    24 |       |     7 |       ||   109
         Scale mail        |       |       |   203 |   114 |       |    19 ||   336
  Dodge: Dodged            |    73 |    44 |   173 |   239 |   455 |   125 ||  1109
   Form: Beast             |     1 |       |     2 |       |       |       ||     3
         Flux              |     1 |       |     2 |       |       |       ||     3
         Serpent           |       |       |       |     4 |     3 |     3 ||    10
         Blade             |       |       |       |     2 |     4 |     2 ||     8
                           |       |       |       |     1 |       |       ||     1
